 Dungeon Crawl Stone Soup version 0.27-a0-1555-g0e7b3fb1d2 (webtiles) character file.

Game seed: 14682718601158834834

392 funkygono the Shield-Bearer (level 6, -1/38 HPs)
             Began as a Gargoyle Fighter on July 14, 2021.
             Slain by Edmund (10 damage)
             ... on level 4 of the Dungeon.
             The game lasted 00:04:50 (3392 turns).

funkygono the Shield-Bearer (Gargoyle Fighter)      Turns: 3392, Time: 00:04:50

Health: -1/38      AC: 14    Str: 21    XL:     6   Next: 80%
Magic:  6/6        EV:  6    Int:  9    God:
Gold:   148        SH:  9    Dex:  9    Spells: 5/5 levels left

rFire    . . .     SeeInvis .   a - +1 flail
rCold    . . .     Faith    .   c - +0 kite shield
rNeg     + . .     Spirit   .   e - +0 chain mail
rPois    ∞         Reflect  .   (no helmet)
rElec    +         Harm     .   (no cloak)
rCorr    .         Rampage  .   (no gloves)
Will     .....                  (no boots)
Stlth    ..........             i - amulet of the acrobat
HPRegen  0.12/turn              (no ring)
MPRegen  0.10/turn              (no ring)

@: mighty
A: sickness immunity, AC +4, negative energy resistance 1, electricity
resistance, torment resistance 1, petrification resistance
a: no special abilities


You were on level 4 of the Dungeon.
You visited 1 branch of the dungeon, and saw 4 of its levels.

You collected 148 gold pieces.

Inventory:

Hand Weapons
 a - a +1 flail (weapon)
 h - a +0 flail of holy wrath
Missiles
 b - 19 poisoned darts (quivered)
Armour
 c - a +0 kite shield (worn)
 e - a +0 chain mail (worn)
Jewellery
 i - an amulet of the acrobat (around neck)
Scrolls
 f - 3 scrolls of magic mapping
 j - a scroll of teleportation
Potions
 g - a potion of magic
 k - 2 potions of brilliance


   Skills:
 + Level 4.1 Fighting
 + Level 4.4 Maces & Flails
 + Level 4.5 Armour
 + Level 0.5 Dodging
 + Level 0.1 Stealth
 + Level 5.1 Shields


You had 5 spell levels left.
You didn't know any spells.
Your spell library contained the following spells:

 Spells                   Type           Power      Damage    Failure   Level
 Wereblood                Tmut           0%         N/A       100%        2
 Summon Hydra             Summ           0%         N/A       100%        7
 Sublimation of Blood     Necr           Unusable   N/A       N/A         2

Dungeon Overview and Level Annotations

Branches:
Dungeon (4/15)
 Temple: D:4-7

Altars:
Wu Jian
Zin

Shops:
D:3 (

Annotations:
D:4 Edmund


Innate Abilities, Weirdness & Mutations

You are immune to sickness and miasma.
Your stone body is resilient. (AC +4)
You are immune to poison.
You resist negative energy. (rN+)
You are resistant to electric shocks. (rElec)
You are resistant to unholy torment.
You are immune to petrification.


Message History

You closely miss the hobgoblin.
The hobgoblin hits you but does no damage.
You sock the hobgoblin!
You kill the hobgoblin!
Found a purple potion.
l - 2 purple potions (gained 1)
You open the door.
There is an open door here.
There is an open door here.
Found a scroll of teleportation.
j - a scroll of teleportation
Found 7 gold pieces.
Found a stone staircase leading down.
You now have 148 gold pieces (gained 7).
Edmund the Younger comes into view.
He is wielding a +2 vorpal flail.
Edmund shouts!
You hit Edmund.
Edmund is lightly wounded.
Edmund hits you with a +2 vorpal flail. x2
You hit Edmund.
Edmund is moderately wounded.
Edmund hits you with a +2 vorpal flail!
You thump Edmund!
Edmund is moderately wounded.
Edmund hits you with a +2 vorpal flail.
* * * LOW HITPOINT WARNING * * *
x2 Edmund hits you with a +2 vorpal flail.
* * * LOW HITPOINT WARNING * * *
x2 It was a potion of curing.
You feel better. You block Edmund's attack.
Edmund says, "Maybe I'll buy a title.
How does Count Edmund sound?"
You feel very mighty all of a sudden. Edmund hits you but does no damage.
You bludgeon Edmund!!
Edmund is almost dead.
Edmund hits you with a +2 vorpal flail.
You closely miss Edmund.
Edmund is almost dead.
You block Edmund's attack. Edmund hits you with a +2 vorpal flail!
* * * LOW HITPOINT WARNING * * *
x2 You feel better.
Edmund hits you with a +2 vorpal flail!
You die...

#.##.##.# ##.## # .. #.......#
#.#### #. ####.#### #..... #.
#.#### ##'#### #. #....#
##...## #. ####.# ##.....## #
#. ##.## ##.......#
#...##.########...####.........
.............@@......'..>......
#...##.########...####.........
# #. ##.## ##.......# #. ###.##
##....<## #. #..#.#######...##
#. ###.#.##.....##'## ..
#.....##.###.##.# ##
#.#.#.##.###.##.##
#.#.#.##.#.#.##..##


You could see Edmund.

Vanquished Creatures
  2 phantoms (D:4)
  2 iguanas (D:4)
  7 gnolls
  6 adders
  A dart slug (D:3)
  3 orcs (D:3)
  4 ball pythons
  6 endoplasms
  A giant cockroach (D:2)
  5 goblins
  6 hobgoblins
  4 jackals (D:2)
  5 quokkas
  6 bats
  3 frilled lizards (D:2)
  6 kobolds
  7 rats
74 creatures vanquished.

Notes
Turn   | Place    | Note
-------+----------+-------------------------------------------
     0 | D:1      | funkygono the Gargoyle Fighter began the quest for the Orb.
     0 | D:1      | Reached XP level 1. HP: 14/14 MP: 1/1
   264 | D:1      | Reached XP level 2. HP: 19/19 MP: 2/2
   746 | D:1      | Reached XP level 3. HP: 24/24 MP: 3/3
  1292 | D:2      | You fall into a shaft and drop 1 floor!
  1353 | D:3      | Reached skill level 4 in Shields
  1353 | D:3      | Reached XP level 4. HP: 29/29 MP: 4/4
  2016 | D:3      | Found Sudiucsa's Antique Weapon Emporium.
  2324 | D:3      | Reached XP level 5. HP: 30/33 MP: 5/5
  2682 | D:3      | Found a glowing silver altar of Zin.
  2689 | D:3      | Found an ornate altar of the Wu Jian Council.
  2997 | D:4      | Noticed a phantom
  3008 | D:4      | Killed a phantom
  3009 | D:4      | Reached XP level 6. HP: 24/38 MP: 6/6
  3154 | D:4      | Reached skill level 5 in Shields
  3377 | D:4      | Noticed Edmund
  3392 | D:4      | Slain by Edmund

Illustrated notes

Levels and vault maps discovered:
D:1:      dpeg_arrival_simpleton_b, layout_loops_ring, corexii_corridor_pit,
          minmay_door_square, hangedman_decor_growths
D:2:      layout_basic
D:3:      layout_rooms, overflow_temple_1_default,
          nicolae_overflow_hidden_temple, serial_shops, nicolae_lakefront_shop
D:4:      layout_loops_corners, serial_shops, kennysheep_mini_moat, uniq_edmund,
          uniq_duvessa

Skill      XL: |  1  2  3  4  5  6 |
---------------+-------------------+-----
Shields        | 4 5 |  5.1
Armour         | 4 |  4.5
Maces & Flails | 4 |  4.4
Fighting       | 4 |  4.1
Dodging        | |  0.5
Stealth        | |  0.1

Action                   |  1- 3 |  4- 6 || total
-------------------------+-------+-------++-------
Melee: Flail             |   115 |   166 ||   281
  Use: Scroll            |     1 |     4 ||     5
       Potion            |       |     3 ||     3
Armor: Scale mail        |    74 |    11 ||    85
       Chain mail        |       |    70 ||    70
Dodge: Dodged            |    34 |    52 ||    86
Block: Kite shield       |    65 |   102 ||   167

Table legend: (Time is in decaauts)
 A = Elapsed time spent in this place.
 B = Non-inter-level travel time spent in this place.
 C = Inter-level travel time spent in this place.
 D = Time resting spent in this place.
 E = Time spent auto-exploring this place.
 F = Levels seen in this place.
 G = Mean time per level.
                   A        B        C        D        E       F      G
               +--------+--------+--------+--------+--------+-----+--------+
         Total |   3532 |   3452 |     80 |    155 |   2414 |   4 |  883.0 |
       Dungeon |   3532 |   3452 |     80 |    155 |   2414 |   4 |  883.0 |
               +--------+--------+--------+--------+--------+-----+--------+

Top non-repeatable levels by time:
     D:1: 1082 daAuts
     D:3: 978 daAuts
     D:2: 930 daAuts
     D:4: 540 daAuts
